 Dungeon Crawl Stone Soup version 0.28-a0-94-g325244837d (webtiles) character file.

Game seed: 18403200911516248012

109 Leeroy the Magician (level 5, 0/38 HPs)
             Began as a Djinni Warper on Aug 7, 2021.
             Was a Believer of Jiyva.
             Slain by Ijyb (5 damage)
             ... while paralysed by Ijyb
             ... on level 3 of the Dungeon.
             The game lasted 00:02:16 (2601 turns).

Leeroy the Magician (Djinni Warper)                 Turns: 2601, Time: 00:02:16

Health: 0/38       AC:  3    Str: 11    XL:     5   Next: 13%
Gold:   61         EV:  2    Int: 16    God:    Jiyva [**....] SH:  0 Dex: 11

rFire   + + .      SeeInvis .   a - +0 falchion
rCold   x . .      Faith    .   (no shield)
rNeg    . . .      Spirit   .   b - +0 leather armour
rPois   ∞          Reflect  .   (no helmet)
rElec   .          Harm     .   (no cloak)
rCorr   .          Rampage  .   (no gloves)
Will    .....                   (boots unavailable)
Stlth   +.........              (no amulet)
HPRegen 0.12/turn               (no ring)
MPRegen 0.00/turn               (no ring)

@: paralysed, flying
A: sickness immunity, fire resistance 2, cold vulnerability 1, float, innate
caster, hp casting, extra vitality 1
a: Renounce Religion, Request Jelly


You were on level 3 of the Dungeon.
You worshipped Jiyva.
Jiyva was pleased with you.
You visited 1 branch of the dungeon, and saw 3 of its levels.

You collected 61 gold pieces.

Inventory:

Hand Weapons
 a - a +0 falchion (weapon)
Missiles
 d - 5 boomerangs of dispersal (quivered)
Armour
 b - a +0 leather armour (worn)
Jewellery
 h - a ring of see invisible
 i - a +6 ring of strength
 o - an amulet of regeneration
Scrolls
 c - a scroll of blinking
 e - a scroll of enchant armour
 f - a scroll of identify
 j - a scroll of immolation {unknown}
 q - 2 scrolls of holy word {unknown}
Potions
 g - a potion of resistance {unknown}
 k - a potion of flight {unknown}
 l - a potion of magic {unknown}
 m - 3 potions of curing {unknown}
 n - a potion of lignification {unknown}
 p - a potion of degeneration {unknown}


   Skills:
 - Level 2.0 Fighting
 - Level 3.0 Long Blades
 - Level 0.7 Throwing
 - Level 1.0 Armour
 - Level 2.1 Dodging
 + Level 3.6 Spellcasting


You couldn't memorise any spells.
You knew the following spells:

 Your Spells              Type           Power      Damage    Failure   Level
a - Blink                 Tloc           N/A        N/A       8%          2
b - Lesser Beckoning      Tloc           7%         N/A       16%         3
c - Gell's Gravitas       Tloc           7%         N/A       16%         3
d - Teleport Other        Tloc           14%        N/A       16%         3
e - Manifold Assault      Tloc           14%        N/A       80%         5
f - Animate Skeleton      Necr           28%        N/A       4%          1
g - Searing Ray           Conj           28%        3d4       8%          2
Your spell library was empty.

Dungeon Overview and Level Annotations

Branches:
Dungeon (3/15)

Altars:
Fedhas
Jiyva

Shops:
D:1 =(

Annotations:
D:3 Ijyb


Innate Abilities, Weirdness & Mutations

You are immune to sickness and miasma.
You are immune to poison.
Your flesh is very heat resistant. (rF++)
You are vulnerable to cold. (rC-)
You float through the air rather than walking.
You learn spells naturally, not from books.
Your magical power is your life essence.
You have superior vitality. (+4 HP)


Message History

Ijyb hits you with a +0 dagger.
Things that are here:
a +0 hand axe; a +0 ring mail; an orc corpse You slash Ijyb!
Ijyb is almost dead.
Ijyb completely misses you.
You riposte.
You closely miss Ijyb.
Ijyb is almost dead.
You barely miss Ijyb.
Ijyb is almost dead.
Ijyb hits you with a +0 dagger.
You closely miss Ijyb.
Ijyb is almost dead.
Ijyb hits you with a +0 dagger.
You hear a distant slurping noise.
Ijyb hits you but does no damage.
You closely miss Ijyb.
Ijyb is almost dead.
Ijyb screams, "Level is mine!
All mine!"
Ijyb barely misses you.
You hit Ijyb but do no damage.
Ijyb is almost dead.
Ijyb hits you with a +0 dagger.
You hit Ijyb but do no damage.
Ijyb is almost dead.
Ijyb barely misses you.
Jiyva gurgles merrily.
You hit Ijyb.
Ijyb is almost dead.
Ijyb hits you with a +0 dagger.
* * * LOW HITPOINT WARNING * * *
You hear a distant slurping noise.
Jiyva appreciates your sacrifice.
You closely miss Ijyb.
Ijyb is almost dead.
Ijyb zaps a wand.
You suddenly lose the ability to move!
Ijyb hits you with a +0 dagger.
* * * LOW HITPOINT WARNING * * *
Ijyb screams, "Level is mine!
All mine!"
Ijyb hits you with a +0 dagger.
You die...

####### #.# #.....# #.#
#.....## ###.########
#...... ............
#...J.######.###.#.##
#.....#...##.###.#.#
####.....#.#......#.#.#
#........._..##...#...##
#.##..g@.#.####.J#......
##....J.# #..#≈.####
#...#### #..#≈≈# #...#..
..##≈≈. ...#...#
#..#≈≈≈≈. .........
#..#≈J≈≈.. ...#.#...
#..#≈≈≈≈... .. ##..#.
##J≈..##


You could see Ijyb and 2 neutral jellies (fellow slime).

Vanquished Creatures
  Natasha (twice) (D:2)
  3 adders
  2 dart slugs
  5 ball pythons
  An endoplasm (D:1)
  6 giant cockroaches
  A goblin (D:1)
  2 hobgoblins (D:1)
  6 kobolds
  2 quokkas (D:1)
  3 bats
  5 frilled lizards
  A rat (D:1)
39 creatures vanquished.

Vanquished Creatures (others)
  A kobold brigand (D:3)
  2 jellies (D:3)
  Natasha (D:2)
  An adder (D:3)
  An endoplasm (D:2)
  2 orcs (D:3)
  A giant cockroach (D:3)
  2 goblins (D:3)
  3 hobgoblins (D:3)
  2 quokkas (D:3)
  A ball python (D:2)
  10 kobolds
  A rat (D:3)
28 creatures vanquished.

Grand Total: 67 creatures vanquished

Notes
Turn   | Place    | Note
-------+----------+-------------------------------------------
     0 | D:1      | Leeroy the Djinni Warper began the quest for the Orb.
     0 | D:1      | Reached XP level 1. HP: 18/18 MP: 0/0
    68 | D:1      | Found Meqeroug's Jewellery Boutique.
   150 | D:1      | Reached XP level 2. HP: 11/23 MP: 0/0
   732 | D:1      | Reached XP level 3. HP: 9/28 MP: 0/0
   732 | D:1      | Learned a level 1 spell: Animate Skeleton
  1024 | D:1      | Found a faded altar of an unknown god.
  1054 | D:1      | Became a worshipper of Jiyva Jiolymeb the Shapeless
  1054 | D:1      | Reached * piety under Jiyva
  1312 | D:1      | Found Awidig's Weapon Boutique.
  1629 | D:2      | Reached XP level 4. HP: 30/33 MP: 0/0
  1898 | D:2      | Noticed Natasha
  1906 | D:2      | Killed Natasha
  1932 | D:2      | Killed Natasha
  1933 | D:2      | Noticed Natasha
  1943 | D:2      | Killed Natasha
  2234 | D:2      | Reached XP level 5. HP: 35/38 MP: 0/0
  2234 | D:2      | Learned a level 2 spell: Searing Ray
  2428 | D:3      | Killed a kobold brigand
  2430 | D:3      | Reached ** piety under Jiyva
  2570 | D:3      | Found a blossoming altar of Fedhas.
  2580 | D:3      | Noticed Ijyb
  2581 | D:3      | Paralysed by Ijyb for 2 turns
  2599 | D:3      | Paralysed by Ijyb for 3 turns
  2601 | D:3      | Slain by Ijyb

Illustrated notes

Levels and vault maps discovered:
D:1:      amcnicky_arrival_abandoned_market, layout_loops_ring, serial_shops,
          shop, nicolae_square_shop, shapermc_ecumenical_altar_venn,
          minmay_hexomino_u4
D:2:      layout_basic, uniq_natasha
D:3:      cheibrodos_thug_alley, layout_loops_ring, lemuel_crystal_altar,
          kennysheep_generic_room_8, uniq_ijyb

Skill      XL: |  1  2  3  4 |
---------------+-------------+-----
Long Blades    | 2 3 |  3.0
Spellcasting   | 3 |  3.6
Fighting       | |  2.0
Throwing       | |  0.7
Armour         | |  1.0
Dodging        | |  2.1

Action                   |  1- 3 |  4- 6 || total
-------------------------+-------+-------++-------
Melee: Falchion          |   103 |    63 ||   166
  Use: Scroll            |     1 |       ||     1
Armor: Leather armour    |    47 |    20 ||    67
Dodge: Dodged            |    72 |    38 ||   110
       Rpst.: Falchion   |    19 |     9 ||    28

Table legend: (Time is in decaauts)
 A = Elapsed time spent in this place.
 B = Non-inter-level travel time spent in this place.
 C = Inter-level travel time spent in this place.
 D = Time resting spent in this place.
 E = Time spent auto-exploring this place.
 F = Levels seen in this place.
 G = Mean time per level.
                   A        B        C        D        E       F      G
               +--------+--------+--------+--------+--------+-----+--------+
         Total |   2626 |   2590 |     36 |      0 |   2269 |   3 |  875.3 |
       Dungeon |   2626 |   2590 |     36 |      0 |   2269 |   3 |  875.3 |
               +--------+--------+--------+--------+--------+-----+--------+

Top non-repeatable levels by time:
     D:1: 1476 daAuts
     D:2: 914 daAuts
     D:3: 235 daAuts
